MWL (24 & UNDER)
MINNESOTA DEATH STARS @ ERIE JAXX
04/28/2023
 
TOP OF THE 1ST
Minnesota Death Stars batting - Pitching for Erie Jaxx : RHP Ricardo Marino
Pitching: RHP Ricardo Marino
Batting: LHB Pat Zimmerman 0-0: Ball
1-0: Ball
2-0: Ball
3-0: Called Strike
3-1: Called Strike
3-2: Base on Balls
Batting: RHB Pedro Carranza 0-0: Called Strike
0-1: Swinging Strike
0-2: Strikes out swinging
Batting: LHB Jarrod O'Milford 0-0: Foul Ball, location: 2F
0-1: Ball
1-1: Foul Ball, location: 2F
1-2: Strikes out swinging
Batting: LHB Lucas Coleman 0-0: Called Strike
0-1: Ball
1-1: Ball
2-1: Called Strike
2-2: Ball
3-2: Foul Ball, location: 2F
3-2: Ground out 4-3 (Groundball, 4M)
Top of the 1st over - 0 run(s), 0 hit(s), 0 error(s), 1 left on base; Minnesota 0 - Erie 0
BOTTOM OF THE 1ST
Erie Jaxx batting - Pitching for Minnesota Death Stars : RHP Gavin Robbins
Pitching: RHP Gavin Robbins
Batting: RHB José Estrada 0-0: Bunt missed!
0-1: Ball
1-1: Ball
2-1: Foul Ball, location: 2F
2-2: Foul Ball, location: 2F
2-2: Fly out, F4 (Popup, 4MD)
Batting: LHB Don Hull 0-0: Fly out, F8 (Flyball, 8RM)
Batting: SHB Keith Shaffer 0-0: Called Strike
0-1: Ball
1-1: Ball
2-1: SINGLE (Flyball, 78S)
Batting: SHB Pedro Martínez 0-0: Ball
1-0: Ball
2-0: Fly out, F8 (Flyball, 8RM)
Bottom of the 1st over - 0 run(s), 1 hit(s), 0 error(s), 1 left on base; Minnesota 0 - Erie 0
TOP OF THE 2ND
Minnesota Death Stars batting - Pitching for Erie Jaxx : RHP Ricardo Marino
Batting: SHB Tim Abbott 0-0: Ball
1-0: Called Strike
1-1: SINGLE (Groundball, 5D)
Batting: SHB Boys van der Lack 0-0: Ball
1-0: Ball
2-0: Foul Ball, location: 2F
2-1: Foul Ball, location: 2F
2-2: Foul Ball, location: 2F
2-2: Strikes out swinging
Batting: RHB Keith Sims 0-0: Fly out, F8 (Flyball, 8LM)
Batting: LHB Sean Nicks 0-0: Ball
1-0: Called Strike
1-1: Ball
2-1: Called Strike
2-2: Strikes out swinging
Top of the 2nd over - 0 run(s), 1 hit(s), 0 error(s), 1 left on base; Minnesota 0 - Erie 0
BOTTOM OF THE 2ND
Erie Jaxx batting - Pitching for Minnesota Death Stars : RHP Gavin Robbins
Batting: RHB Tim Hanson 0-0: Called Strike
0-1: Swinging Strike
0-2: Foul Ball, location: 2F
0-2: Ball
1-2: Ball
2-2: Ball
3-2: Foul Ball, location: 2F
3-2: Fly out, F8 (Flyball, 8LS)
Batting: SHB Héctor Barajas 0-0: Ball
1-0: Foul Ball, location: 2F
1-1: Ball
2-1: Ball
3-1: Ball
Batting: RHB Luis Alou 0-0: Grounds into double play, 6-4-3 (Groundball, 6)
Bottom of the 2nd over - 0 run(s), 0 hit(s), 0 error(s), 0 left on base; Minnesota 0 - Erie 0
TOP OF THE 3RD
Minnesota Death Stars batting - Pitching for Erie Jaxx : RHP Ricardo Marino
Batting: RHB Jorge Castillo 0-0: Swinging Strike
0-1: Called Strike
0-2: Foul Ball, location: 2F
0-2: Ball
1-2: Strikes out swinging
Batting: LHB Pat Zimmerman 0-0: Foul Ball, location: 2F
0-1: Ball
1-1: Ball
2-1: Ball
3-1: Fly out, F7 (Flyball, 78D)
Batting: RHB Pedro Carranza 0-0: Called Strike
0-1: Ball
1-1: Ball
2-1: Ball
3-1: Called Strike
3-2: Base on Balls
Batting: LHB Jarrod O'Milford 0-0: Ball
1-0: Called Strike
1-1: Fly out, F9 (Flyball, 89M)
Top of the 3rd over - 0 run(s), 0 hit(s), 0 error(s), 1 left on base; Minnesota 0 - Erie 0
BOTTOM OF THE 3RD
Erie Jaxx batting - Pitching for Minnesota Death Stars : RHP Gavin Robbins
Batting: RHB Bo Vickers 0-0: Ball
1-0: Swinging Strike
1-1: Ball
2-1: Ground out 5-3 (Groundball, 5S)
Batting: RHB Raúl Ruíz 0-0: SINGLE (Groundball, 4MD)
Batting: RHB José Estrada 0-0: Foul Ball, location: 2F
0-1: Called Strike
0-2: Fly out, F6 (Popup, 6D)
Batting: LHB Don Hull 0-0: Ball
1-0: Called Strike
1-1: Foul Ball, location: 2F
1-2: Ball
2-2: Ball
3-2: Base on Balls
Raúl Ruíz to second
Batting: SHB Keith Shaffer 0-0: Ball
1-0: Ball
2-0: Ball
3-0: Base on Balls
Raúl Ruíz to third
Don Hull to second
Batting: SHB Pedro Martínez 0-0: Swinging Strike
0-1: Swinging Strike
0-2: Ball
1-2: Fly out, F9 (Flyball, 89D)
Bottom of the 3rd over - 0 run(s), 1 hit(s), 0 error(s), 3 left on base; Minnesota 0 - Erie 0
TOP OF THE 4TH
Minnesota Death Stars batting - Pitching for Erie Jaxx : RHP Ricardo Marino
Batting: LHB Lucas Coleman 0-0: Ball
1-0: Called Strike
1-1: Called Strike
1-2: Strikes out swinging
Batting: SHB Tim Abbott 0-0: Ball
1-0: Called Strike
1-1: Fly out, F7 (Flyball, 78D)
Batting: SHB Boys van der Lack 0-0: Ball
1-0: Ball
2-0: Fly out, F9 (Flyball, 9M)
Top of the 4th over - 0 run(s), 0 hit(s), 0 error(s), 0 left on base; Minnesota 0 - Erie 0
BOTTOM OF THE 4TH
Erie Jaxx batting - Pitching for Minnesota Death Stars : RHP Gavin Robbins
Batting: RHB Tim Hanson Single, Error in OF, E7, batter to second base
Batting: SHB Héctor Barajas 0-0: Swinging Strike
0-1: Foul Ball, location: 2F
0-2: Strikes out swinging
Batting: RHB Luis Alou 0-0: Ball
1-0: Ball
Tim Hanson steals 3rd base
2-0: SINGLE (Flyball, 9LS)
Tim Hanson scores
Batting: RHB Bo Vickers 0-0: Ball
1-0: Called Strike
1-1: Foul Ball, location: 2F
1-2: SINGLE (Groundball, 6M) (infield hit)
Luis Alou to second
Batting: RHB Raúl Ruíz 0-0: DOUBLE (Line Drive, 6D)
Luis Alou scores
Bo Vickers to third
Batting: RHB José Estrada 0-0: Ball
1-0: Foul Ball, location: 2F
1-1: Swinging Strike
1-2: Strikes out looking
Batting: LHB Don Hull 0-0: Called Strike
0-1: Ball
1-1: Ball
2-1: Ball
3-1: SINGLE (Flyball, 8RS)
Bo Vickers scores
Raúl Ruíz to third
Runner from 3rd tries for Home, SAFE, no throw or cutoff
Batting: SHB Keith Shaffer Pickoff Throw to First - Out!
Bottom of the 4th over - 4 run(s), 5 hit(s), 1 error(s), 0 left on base; Minnesota 0 - Erie 4
TOP OF THE 5TH
Minnesota Death Stars batting - Pitching for Erie Jaxx : RHP Ricardo Marino
Batting: RHB Keith Sims 0-0: Foul Ball, location: 2F
0-1: Ball
1-1: Ball
2-1: Ball
3-1: Base on Balls
Batting: LHB Sean Nicks 0-0: Ball
1-0: Called Strike
1-1: Grounds into double play, 4-6-3 (Groundball, 4)
Batting: RHB Jorge Castillo 0-0: Called Strike
0-1: Ball
1-1: Fly out, F8 (Flyball, 8LM)
Top of the 5th over - 0 run(s), 0 hit(s), 0 error(s), 0 left on base; Minnesota 0 - Erie 4
BOTTOM OF THE 5TH
Erie Jaxx batting - Pitching for Minnesota Death Stars : RHP Gavin Robbins
Batting: SHB Keith Shaffer 0-0: Ball
1-0: Called Strike
1-1: Ball
2-1: Ball
3-1: Called Strike
3-2: Foul Ball, location: 2F
3-2: SINGLE (Line Drive, 9S)
Pitching: RHP Jacob Christian
Batting: SHB Pedro Martínez 0-0: Swinging Strike
0-1: Foul Ball, location: 2F
0-2: Ball
1-2: Foul Ball, location: 2F
1-2: Strikes out swinging
Batting: RHB Tim Hanson 0-0: Ball
1-0: 2-RUN HOME RUN (Flyball, 9D), Distance : 346 ft
Batting: SHB Héctor Barajas 0-0: Ground out 1-3 (Groundball, 25)
Batting: RHB Luis Alou 0-0: Ball
1-0: Ball
2-0: Ball
3-0: Called Strike
3-1: Base on Balls
Batting: RHB Bo Vickers 0-0: Called Strike
0-1: Called Strike
0-2: Ball
1-2: Strikes out swinging
Bottom of the 5th over - 2 run(s), 2 hit(s), 0 error(s), 1 left on base; Minnesota 0 - Erie 6
TOP OF THE 6TH
Minnesota Death Stars batting - Pitching for Erie Jaxx : RHP Ricardo Marino
Batting: LHB Pat Zimmerman 0-0: Ball
1-0: Called Strike
1-1: Swinging Strike
1-2: Ball
2-2: Fly out, F7 (Flyball, 78M)
Batting: RHB Pedro Carranza 0-0: Ground out 5-3 (Groundball, 5S)
Batting: LHB Jarrod O'Milford 0-0: Foul Ball, location: 2F
0-1: Called Strike
0-2: Foul Ball, location: 2F
0-2: Strikes out swinging
Top of the 6th over - 0 run(s), 0 hit(s), 0 error(s), 0 left on base; Minnesota 0 - Erie 6
BOTTOM OF THE 6TH
Erie Jaxx batting - Pitching for Minnesota Death Stars : RHP Jacob Christian
Batting: RHB Raúl Ruíz 0-0: Ball
1-0: Swinging Strike
1-1: Called Strike
1-2: Foul Ball, location: 2F
1-2: Ball
2-2: Foul Ball, location: 2F
2-2: Fly out, F9 (Flyball, 9LM)
Batting: RHB José Estrada 0-0: Ball
1-0: Ground out 6-3 (Groundball, 6)
Batting: LHB Don Hull 0-0: Ball
1-0: Ball
2-0: Ball
3-0: Base on Balls
Batting: SHB Keith Shaffer 0-0: Ball
Don Hull is caught stealing 2nd base
Bottom of the 6th over - 0 run(s), 0 hit(s), 0 error(s), 0 left on base; Minnesota 0 - Erie 6
TOP OF THE 7TH
Minnesota Death Stars batting - Pitching for Erie Jaxx : RHP Ricardo Marino
Batting: LHB Lucas Coleman 0-0: Ball
1-0: Ball
2-0: Ball
3-0: Called Strike
3-1: Called Strike
3-2: Base on Balls
Batting: SHB Tim Abbott 0-0: Called Strike
0-1: Ball
1-1: Fly out, F8 (Flyball, 78D)
Batting: SHB Boys van der Lack 0-0: Ball
1-0: Foul Ball, location: 2F
1-1: Foul Ball, location: 2F
1-2: Strikes out swinging
Batting: RHB Keith Sims 0-0: SINGLE (Groundball, 6MD)
Lucas Coleman to second
Batting: LHB Sean Nicks 0-0: Ground out 4-3 (Groundball, 34)
Top of the 7th over - 0 run(s), 1 hit(s), 0 error(s), 2 left on base; Minnesota 0 - Erie 6
BOTTOM OF THE 7TH
Erie Jaxx batting - Pitching for Minnesota Death Stars : RHP Jacob Christian
Pitching: RHP Pat Jackson
Batting: SHB Keith Shaffer 0-0: Ball
1-0: Foul Ball, location: 2F
1-1: Ball
2-1: Called Strike
2-2: Ball
3-2: Fly out, F7 (Flyball, 7LMF)
Batting: SHB Pedro Martínez 0-0: Called Strike
0-1: Swinging Strike
0-2: Ball
1-2: Strikes out swinging
Batting: RHB Tim Hanson 0-0: Ball
1-0: Ground out 6-3 (Groundball, 56)
Bottom of the 7th over - 0 run(s), 0 hit(s), 0 error(s), 0 left on base; Minnesota 0 - Erie 6
TOP OF THE 8TH
Minnesota Death Stars batting - Pitching for Erie Jaxx : RHP Ricardo Marino
Now in RF: Félix Fernández
Batting: RHB Jorge Castillo 0-0: Ground out 1-3 (Groundball, 13)
Batting: LHB Pat Zimmerman 0-0: Ball
1-0: Foul Ball, location: 2F
1-1: Foul Ball, location: 2F
1-2: Fly out, F4 (Line Drive, 4)
Batting: RHB Pedro Carranza 0-0: Ball
1-0: Ball
2-0: Foul Ball, location: 2F
2-1: Swinging Strike
2-2: Foul Ball, location: 2F
2-2: Strikes out swinging
Top of the 8th over - 0 run(s), 0 hit(s), 0 error(s), 0 left on base; Minnesota 0 - Erie 6
BOTTOM OF THE 8TH
Erie Jaxx batting - Pitching for Minnesota Death Stars : RHP Pat Jackson
Batting: SHB Héctor Barajas 0-0: Ball
1-0: Called Strike
1-1: Ground out 4-3 (Groundball, 4)
Batting: RHB Luis Alou 0-0: Called Strike
0-1: Foul Ball, location: 2F
0-2: Ball
1-2: Ball
2-2: Foul Ball, location: 2F
2-2: Foul Ball, location: 2F
2-2: Fly out, F7 (Flyball, 7M)
Batting: RHB Bo Vickers 0-0: Called Strike
0-1: Called Strike
0-2: Ball
1-2: Ball
2-2: Strikes out swinging
Bottom of the 8th over - 0 run(s), 0 hit(s), 0 error(s), 0 left on base; Minnesota 0 - Erie 6
TOP OF THE 9TH
Minnesota Death Stars batting - Pitching for Erie Jaxx : RHP Ricardo Marino
Now at 1B: Mark Everett
Now at 3B: Enrique Bermúdez
Now at SS: Luis Alvarado
Batting: LHB Jarrod O'Milford 0-0: Ball
1-0: Ball
2-0: Ground out 3-1 (Groundball, 34S)
Batting: LHB Lucas Coleman 0-0: Fly out, F8 (Flyball, 8LXD)
Batting: SHB Tim Abbott 0-0: Ball
1-0: SINGLE (Line Drive, 56D)
Batting: SHB Boys van der Lack 0-0: Ball
1-0: TRIPLE (Flyball, 89M)
Tim Abbott scores
Batting: RHB Keith Sims 0-0: Called Strike
0-1: Ball
1-1: Swinging Strike
1-2: Ball
2-2: Ball
3-2: Foul Ball, location: 2F
3-2: Strikes out swinging
Top of the 9th over - 1 run(s), 2 hit(s), 0 error(s), 1 left on base; Minnesota 1 - Erie 6
This league is powered by Out of the Park Baseball, the baseball management simulation game for PC, Mac and Linux
Wednesday, December 2nd, 2015 - OOTP Baseball 16.8 Build 38